Map: Tours du crépuscule

Players

zidar

  • Race: Zerg Zerg
  • League: Gold
  • Spawn Location: 7:00

posol - Winner!

  • Race: Protoss Protoss
  • League: Gold
  • Spawn Location: 1:00

VOD

Have the link to the VOD?

Description

Time

  • Played on: May 30, 2016, 9:50 a.m.
  • Length: 13:11
Show
View Real Time Build Order
Export as new Build Order

zidar Zerg 

Build Orders: Pool First 

Get SALT Encoding   

  12  0:01  Drone  
  13  0:12  Overlord  
  13  0:17  Drone  
  14  0:30  Drone x2  
  14  0:34  Drone  
  17  0:47  Spawning Pool  
  16  0:50  Drone  
  17  1:15  Hatchery, Drone  
  17  1:19  Extractor  
  17  1:21  Drone  
  17  1:26  Drone  
  18  1:39  Drone x2  
  20  1:43  Queen  
  22  1:55  Overlord  
  22  2:13  Hatchery  
  21  2:17  Drone x2  
  23  2:24  Queen  
  25  2:34  Zergling x4  
  25  2:35  Zergling x2  
  28  2:46  Roach Warren  
  26  3:26  Queen  
  26  3:31  Roach x2  
  32  3:39  Extractor  
  31  3:47  Drone x5  
  31  3:48  Drone x6  
  42  3:50  Overlord  
  42  4:06  Metabolic Boost  
  42  4:22  Roach x3  
  42  4:23  Zergling x4  
  50  4:49  Overlord x3  
  50  4:50  Overlord  
  50  5:10  Roach x10  
  70  5:27  Lair  
  70  5:31  Drone x6  
  70  5:33  Drone x2  
  78  5:53  Spore Crawler  
  77  5:58  Spore Crawler  
  77  6:02  Spore Crawler  
  75  6:09  Drone  
  75  6:10  Drone x6  
  82  6:26  Evolution Chamber x2  
  80  6:32  Extractor  
  80  6:34  Extractor  
  80  6:36  Drone x4  
  80  6:38  Extractor  
  80  6:39  Extractor  
  80  6:45  Infestation Pit  
  75  7:01  Queen  
  61  7:27  Roach x10  
  61  7:28  Zergling x2, Roach x3  
  61  7:29  Zergling x2  
  80  7:42  Ravager  
  80  7:43  Ravager  
  82  7:53  Overseer  
  82  8:17  Overlord x4  
  82  8:18  Overlord  
  82  8:35  Queen  
  82  8:40  Spine Crawler  
  83  8:47  Spine Crawler  
  81  8:54  Spine Crawler  
  76  9:20  Hatchery  
  70  9:49  Spore Crawler  
  68  10:21  Hatchery  
  67  10:35  Roach x4  
  75  10:36  Roach x3  
  81  10:44  Zergling x2  
  70  11:31  Hydralisk Den  
  69  11:33  Drone x2  
  69  11:34  Drone x5  
  76  11:42  Drone x2  
  78  12:15  Drone x11  
  89  12:33  Hatchery  
Show
View Real Time Build Order
Export as new Build Order

posol Protoss - Winner!

Build Orders: 1 Gate Expand 

Get SALT Encoding   

  12  0:02  Probe (Chrono Boost)  
  13  0:12  Probe (Chrono Boost)  
  14  0:19  Pylon  
  14  0:23  Probe (Chrono Boost)  
  15  0:37  Probe (Chrono Boost)  
  15  0:40  Gateway  
  16  0:48  Assimilator  
  16  0:52  Probe (Chrono Boost)  
  17  1:03  Probe (Chrono Boost)  
  18  1:13  Probe (Chrono Boost)  
  19  1:29  Nexus  
  19  1:39  Cybernetics Core  
  19  1:48  Cybernetics Core  
  19  1:52  Probe (Chrono Boost)  
  20  2:03  Probe (Chrono Boost)  
  20  2:05  Assimilator  
  21  2:17  Warp Gate, Pylon  
  21  2:26  Mothership Core (Chrono Boost)  
  23  2:35  Adept (Chrono Boost)  
  25  2:41  Probe (Chrono Boost)  
  25  2:44  Probe (Chrono Boost)  
  27  2:52  Probe  
  27  2:55  Probe  
  29  3:06  Zealot (Chrono Boost)  
  29  3:07  Probe  
  29  3:10  Probe  
  33  3:16  Robotics Facility  
  33  3:19  Probe  
  34  3:21  Gateway  
  34  3:25  Gateway  
  33  3:28  Probe  
  34  3:44  Twilight Council  
  34  3:48  Probe x2, Pylon  
  36  4:00  Probe x2  
  38  4:23  Stalker  
  38  4:24  Stalker  
  42  4:32  Dark Shrine, Probe x2  
  40  4:38  Resonating Glaives (Chrono Boost)  
  44  4:39  Warp Prism  
  44  4:44  Probe x2  
  48  4:55  Assimilator  
  48  4:56  Probe x2  
  48  4:59  Assimilator  
  50  5:01  Pylon  
  50  5:05  Pylon  
  50  5:07  Pylon  
  50  5:08  Probe x2  
  52  5:19  Gateway  
  52  5:20  Probe  
  52  5:21  Gateway, Probe  
  54  5:22  Gateway  
  54  5:37  Probe  
  54  5:38  Probe  
  54  5:41  Immortal  
  60  6:03  Dark Templar x3  
  66  6:37  Templar Archives  
  66  6:54  Dark Templar x2  
  66  6:55  Adept  
  66  6:56  Adept x3  
  68  7:17  Adept x2  
  68  7:18  Adept x2  
  68  7:28  Immortal  
  64  7:42  Dark Templar  
  64  7:43  Dark Templar  
  64  7:44  Nexus  
  68  7:45  Pylon  
  68  7:47  Pylon  
  64  7:54  Psionic Storm  
  64  8:03  Immortal  
  68  8:13  Stalker x3  
  68  8:14  Stalker  
  72  8:25  Pylon  
  72  8:28  Forge  
  72  8:30  Forge  
  72  8:36  Dark Templar x2  
  72  8:37  Dark Templar x2  
  80  8:58  Dark Templar  
  80  8:59  Zealot  
  84  9:11  Dark Templar  
  84  9:12  Dark Templar  
  84  9:13  Zealot  
  84  9:14  Zealot  
  92  9:20  Zealot  
  92  9:22  Immortal  
  92  9:30  Probe  
  88  9:31  Probe  
  88  9:32  Probe  
  88  9:34  High Templar  
  91  9:43  Probe  
  91  9:44  Probe  
  83  9:51  Adept  
  83  9:52  Adept x2  
  85  10:04  Pylon  
  85  10:07  Probe, Pylon  
  83  10:08  Gateway, Probe  
  83  10:09  Probe  
  83  10:10  Gateway  
  86  10:16  Assimilator  
  86  10:18  Probe  
  86  10:20  Assimilator  
  86  10:21  Probe x2  
  89  10:26  Stalker  
  89  10:27  Stalker x2  
  89  10:28  Stalker x3  
  99  10:31  Protoss Ground Weapons Level 1, Protoss Ground Armor Level 1  
  99  10:34  Immortal  
  101  11:07  Dark Templar  
  101  11:08  Warp Prism, Dark Templar x2  
  108  11:19  Stalker  
  108  11:20  Stalker  
  108  11:21  Stalker x2  
  108  11:23  Stalker  
  118  11:46  Immortal  
  118  11:50  Nexus  
  118  11:52  Pylon  
  122  11:54  Pylon  
  122  11:57  Pylon  
  122  11:58  High Templar  
  124  12:04  Pylon  
  124  12:06  Pylon  
  124  12:08  Pylon  
  124  12:10  Pylon  
  124  12:18  Photon Cannon  
  124  12:19  Photon Cannon  
  124  12:22  Photon Cannon, High Templar  
  124  12:23  Observer, High Templar x3  
  124  12:24  Stalker, Photon Cannon  
  124  12:25  Stalker, Adept  
  139  12:49  Observer  
Tags
 
Add a new tag
Caveats
  • Supply blocks, unpowered buildings, or Contaminate may cause inaccurate times.
  • Supply counts are checked every 10 seconds.